 Dungeon Crawl Stone Soup version 0.26.1-11-gd32895ea62 (webtiles) character file.

Game seed: 13668707981287809805

10728 karkarkar the Cleaver (level 11, -4/68 HPs)
             Began as a Gargoyle Fighter on July 29, 2021.
             Was a High Priest of Okawaru.
             Slain by a white ugly thing (33 damage)
             ... on level 11 of the Dungeon on July 30, 2021.
             The game lasted 00:50:11 (11088 turns).

karkarkar the Cleaver (Gargoyle Fighter)           Turns: 11088, Time: 00:50:11

Health: -4/68      AC: 25    Str: 22    XL:     11   Next: 66%
Magic:  16/16      EV:  6    Int:  9    God:    Okawaru [*****.]
Gold:   651        SH: 12    Dex: 10    Spells: 10/10 levels left

rFire    . . .     SeeInvis .   b - +0 broad axe
rCold    . . .     Faith    .   c - +0 kite shield
rNeg     + . .     Spirit   .   k - +0 plate armour
rPois    ∞         Reflect  .   v - +2 helmet
rElec    +         Harm     .   C - scarf {repulsion}
rCorr    +         Rampage  .   p - +0 pair of gloves
Will     .....                  (no boots)
Stlth    ..........             G - amulet of the acrobat
HPRegen  0.21/turn              L - ring of resist corrosion
MPRegen  0.15/turn              e - ring of stealth

@: repel missiles
A: negative energy resistance 1, electricity resistance, unbreathing,
petrification resistance, miasma immunity, AC +8
a: Renounce Religion, Heroism, Finesse


You were on level 11 of the Dungeon.
You worshipped Okawaru.
Okawaru was extremely pleased with you.
You visited 1 branch of the dungeon, and saw 11 of its levels.
You also visited: Sewer.

You collected 651 gold pieces.

Inventory:

Hand Weapons
 b - a +0 broad axe (weapon)
 M - a +1 spear of venom
 O - a +4 scimitar of flaming
 S - a +0 broad axe
Missiles
 g - 47 poisoned darts
 t - a throwing net
 E - 12 javelins (quivered)
Armour
 c - a +0 kite shield (worn)
 k - a +0 plate armour (worn)
 p - a +0 pair of gloves (worn)
 v - a +2 helmet (worn)
 C - a scarf of repulsion (worn)
Jewellery
 e - a ring of stealth (right hand)
 n - an uncursed ring of flight
 y - an uncursed amulet of reflection
 G - an amulet of the acrobat (around neck)
 J - an uncursed ring of wizardry
 L - a ring of resist corrosion (left hand)
 T - a +6 ring of strength
Wands
 a - a wand of enslavement (3)
 A - a wand of iceblast (11)
 F - a wand of acid (17)
 H - a wand of flame (7)
 I - a wand of digging (3)
 R - a wand of random effects (16)
 U - a wand of paralysis (5)
Scrolls
 j - 3 scrolls of teleportation
 o - a scroll of magic mapping
 s - a scroll of amnesia
 u - 3 scrolls of immolation
 w - 3 scrolls of enchant armour
 x - 5 scrolls of remove curse
 B - a scroll of torment
 D - 3 scrolls of holy word
Potions
 d - a potion of might
 f - 3 potions of lignification
 h - 5 potions of curing
 i - 3 potions of haste {unknown}
 l - 3 potions of flight {unknown}
 m - 5 potions of brilliance
 q - a potion of resistance {unknown}
 r - 2 potions of berserk rage {unknown}
 z - a potion of invisibility
 K - a potion of attraction {unknown}
 N - a potion of cancellation {unknown}
 P - a potion of degeneration {unknown}
 Q - a potion of magic {unknown}


   Skills:
 + Level 7.8 Fighting
 + Level 1.7 Long Blades
 + Level 10.4 Axes
 + Level 1.8 Throwing
 + Level 7.0 Armour
 + Level 1.0 Dodging
 + Level 2.1 Stealth
 + Level 10.0 Shields
 * Level 6.6 Invocations


You had 10 spell levels left.
You didn't know any spells.
Your spell library contained the following spells:

 Spells                   Type           Power        Failure   Level
 Confusing Touch          Hex            0%           100%        3
 Gell's Gravitas          Tloc           0%           100%        3
 Ignite Poison            Fire/Tmut/Pois 0%           100%        3
 Petrify                  Tmut/Erth      0%           100%        4
 Fireball                 Conj/Fire      0%           100%        5
 Metabolic Englaciation   Hex/Ice        0%           100%        5
 Yara's Violent Unravell  Hex/Tmut       0%           100%        5
 Starburst                Conj/Fire      0%           100%        6
 Ignition                 Fire           0%           100%        8


Dungeon Overview and Level Annotations

Branches:
Dungeon (11/15)            Temple (0/1) D:6            Lair (0/6) D:10
  Sewer (visited)
    Orc: D:9-12

Altars:
Cheibriados
Dithmenos
Fedhas
Gozag
Hepliaklqana
Kikubaaqudgha
Makhleb
Okawaru
Qazlal
Ru
Trog
Uskayaw
Vehumet
Xom
Zin

Shops:
D:6 :   D:9 }   D:10 (

Portals:
Trove: D:10 (show abyssal rune of Zot)

Annotations:
D:3 3 runed translucent doors, ChodeyFoster420's ghost, amateur MiBe


Innate Abilities, Weirdness & Mutations

You are resistant to torment.
Your stone body is resilient. (AC +8)
You are immune to poison.
You resist negative energy. (rN+)
You are resistant to electric shocks. (rElec)
You can survive without breathing.
You are immune to petrification.
You are immune to miasma.


Message History

Found a stone staircase leading up.
You open the door.
A white ugly thing comes into view.
The white ugly thing gurgles horribly!
Found a flail.
The white ugly thing stings you but does no damage.
Found a stone staircase leading down.
There is an open door here.
The white ugly thing misses you.
You hit the white ugly thing.
The white ugly thing is lightly wounded.
The white ugly thing stings you but does no damage.
You hit the white ugly thing.
The white ugly thing is lightly wounded.
The white ugly thing stings you but does no damage.
You slash the white ugly thing!
The white ugly thing is moderately wounded.
The white ugly thing stings you! The white ugly thing freezes you!!
The white ugly thing stings you. The white ugly thing freezes you!!
You die...

...........#
..........# #####
.........#
#...######.......#
#........#.......##
#.......>#.........
#........#.........
.
#..).....#....#####
... #.@u.....#<..##
.....##'#######...#
..................#
...............>.##
.................#
...##+##.........#
.. #.........## <
#..........#
#..........#


You could see a white ugly thing.

Vanquished Creatures
  A hydra (D:8)
  Erica (D:8)
  2 two-headed ogres
  Pikel (D:9)
  Psyche (D:8)
  Sigmund (D:4)
  A wyvern (D:10)
  10 yaks
  Eustachio (D:3)
  2 steam dragons (D:5)
  2 wargs (D:10)
  A water moccasin (Sewer)
  A phantom (D:5)
  An orc warrior (D:10)
  3 ice beasts
  A sky beast (D:9)
  3 black bears
  A necrophage (D:8)
  3 ogres
  6 centaurs
  Blork the orc (D:4)
  3 big kobolds
  3 bullfrogs (D:10)
  2 gnoll sergeants
  A scorpion (D:9)
  11 killer bees
  12 wights
  5 howler monkeys
  A centaur zombie (D:6)
  3 bullfrog zombies
  4 crimson imps (D:4)
  2 hounds
  2 quasits
  3 orc priests (D:10)
  A gnoll shaman (D:5)
  3 jellies (D:10)
  A bullfrog skeleton (D:10)
  4 centaur skeletons
  3 iguanas
  An orc wizard (D:10)
  7 worker ants
  A killer bee zombie (D:6)
  A hound skeleton (D:7)
  A hound zombie (D:10)
  Robin (D:4)
  12 gnolls
  8 adders
  A shadow imp (D:5)
  A white imp (D:7)
  An ufetubus (D:9)
  2 oozes
  2 adder skeletons
  7 worms
  4 dart slugs
  2 leopard geckos
  15 orcs
  A ball python (D:2)
  6 giant cockroaches
  21 goblins
  13 hobgoblins
  9 jackals
  21 kobolds
  4 quokkas
  8 bats
  7 frilled lizards
  A leopard gecko zombie (D:5)
  A quokka skeleton (D:5)
  9 rats
276 creatures vanquished.

Vanquished Creatures (others)
  A necrophage (D:8)
  13 fungi (D:5)
14 creatures vanquished.

Grand Total: 290 creatures vanquished

Notes
Turn   | Place    | Note
-------+----------+-------------------------------------------
     0 | D:1      | karkarkar the Gargoyle Fighter began the quest for the Orb.
     0 | D:1      | Reached XP level 1. HP: 14/14 MP: 1/1
    63 | D:1      | Reached XP level 2. HP: 18/19 MP: 2/2
   203 | D:1      | Reached XP level 3. HP: 21/23 MP: 3/3
  1008 | D:2      | Reached XP level 4. HP: 27/28 MP: 4/4
  1810 | D:2      | Found a stormy altar of Qazlal.
  2159 | D:3      | Reached XP level 5. HP: 33/33 MP: 5/5
  2201 | D:3      | Found a runed translucent gate.
  2201 | D:3      | Found a runed translucent gate.
  2202 | D:3      | Found a runed translucent gate.
  2216 | D:3      | Noticed ChodeyFoster420's ghost (amateur MiBe)
  2268 | D:3      | HP: 1/33 [goblin/puff of flame (9)]
  2758 | D:3      | Found a shadowy altar of Dithmenos.
  3157 | D:4      | Noticed Sigmund
  3278 | D:4      | Noticed Robin
  3279 | D:4      | Noticed Eustachio
  3546 | D:3      | Reached XP level 6. HP: 38/38 MP: 6/6
  3642 | D:3      | Killed Eustachio
  3643 | D:3      | Reached skill level 5 in Shields
  3716 | D:4      | Killed Robin
  3760 | D:4      | Noticed Blork the orc
  3770 | D:4      | Killed Blork the orc
  3771 | D:4      | Reached XP level 7. HP: 40/43 MP: 7/7
  3857 | D:4      | Found a shimmering altar of Xom.
  3917 | D:4      | Reached skill level 5 in Axes
  3921 | D:4      | Reached skill level 1 in Throwing
  4049 | D:4      | Killed Sigmund
  4050 | D:4      | Reached XP level 8. HP: 43/48 MP: 8/8
  4406 | D:5      | Entered Level 5 of the Dungeon
  4598 | D:5      | Found a glowing drain.
  4639 | Sewer    | Entered a sewer
  5026 | D:5      | Reached skill level 5 in Armour
  5432 | D:5      | Got a crystal spear
  5715 | D:5      | Found an iron altar of Okawaru.
  5720 | D:5      | Became a worshipper of Warmaster Okawaru
  5848 | D:5      | Reached skill level 5 in Fighting
  5855 | D:5      | Identified the cursed +0 spear of the Shore {flame, Int+2
                  | Dex+2} (You found it on level 5 of the Dungeon)
  5946 | D:5      | Reached XP level 9. HP: 46/54 MP: 9/9
  6020 | D:6      | Found a staircase to the Ecumenical Temple.
  6117 | D:6      | Reached * piety under Okawaru
  6304 | D:6      | Found a sacrificial altar of Ru.
  6470 | D:6      | Found Otred's Book Emporium.
  6496 | D:6      | Found a glowing silver altar of Zin.
  6737 | D:7      | Reached skill level 1 in Invocations
  6918 | D:7      | Found a snail-covered altar of Cheibriados.
  7092 | D:7      | Found a hazy altar of Hepliaklqana.
  7407 | D:8      | Noticed Psyche
  7421 | D:8      | Reached ** piety under Okawaru
  7446 | D:8      | Noticed Erica
  7456 | D:8      | Killed Erica
  7456 | D:8      | Reached *** piety under Okawaru
  7457 | D:8      | Reached XP level 10. HP: 49/60 MP: 10/12
  7472 | D:8      | Paralysed by Psyche for 5 turns
  7486 | D:8      | Killed Psyche
  7674 | D:8      | Found a burning altar of Makhleb.
  7692 | D:8      | Found an opulent altar of Gozag.
  7692 | D:8      | Found a sacrificial altar of Ru.
  7692 | D:8      | Found a hazy altar of Hepliaklqana.
  7693 | D:8      | Found a hide-covered altar of Uskayaw.
  7694 | D:8      | Found a bloodstained altar of Trog.
  7695 | D:8      | Found an ancient bone altar of Kikubaaqudgha.
  7734 | D:8      | Reached skill level 1 in Stealth
  7846 | D:8      | Found a radiant altar of Vehumet.
  7875 | D:8      | Noticed a six-headed hydra
  7885 | D:8      | Killed a one-headed hydra
  7885 | D:8      | Reached **** piety under Okawaru
  8198 | D:9      | Found Taabb's Gadget Shoppe.
  8210 | D:9      | Reached skill level 1 in Long Blades
  8623 | D:9      | Reached skill level 5 in Invocations
  9028 | D:9      | Found a blossoming altar of Fedhas.
  9238 | D:9      | Noticed Pikel
  9255 | D:9      | Killed Pikel
  9256 | D:9      | Reached skill level 1 in Dodging
  9256 | D:9      | Reached XP level 11. HP: 66/66 MP: 13/15
  9306 | D:9      | Noticed a two-headed ogre
  9322 | D:9      | Killed a two-headed ogre
  9322 | D:9      | Reached ***** piety under Okawaru
  9598 | D:10     | Entered Level 10 of the Dungeon
  9623 | D:10     | Reached skill level 10 in Axes
  9643 | D:10     | Received a gift from Okawaru
  9818 | D:10     | Found a portal to a secret trove of treasure.
  9866 | D:10     | Found Piliwef's Antique Weapon Emporium.
 10161 | D:10     | Found a sacrificial altar of Ru.
 10228 | D:10     | Found a staircase to the Lair.
 10240 | D:10     | Received a gift from Okawaru
 10972 | D:11     | Noticed a two-headed ogre
 10994 | D:11     | Killed a two-headed ogre
 10995 | D:11     | Reached skill level 10 in Shields
 11083 | D:11     | Noticed a white ugly thing
 11088 | D:11     | Slain by a white ugly thing

Illustrated notes

Levels and vault maps discovered:
D:1:      elethiomel_arrival_infinity_welcomes_careful_drivers, layout_rooms,
          chequers_serial_rivers_large_b
D:2:      layout_basic, overflow_temple_1_default, solitary_fountain
D:3:      minmay_spotlight, layout_rooms, ebering_ghost_rock_garden,
          nicolae_dithmenos_shadow_blocks
D:4:      layout_cave_pools, led_xom_imps, uniq_sigmund, uniq_eustachio,
          uniq_robin, uniq_blork_the_orc
D:5:      kennysheep_steamy, layout_loops_ring, okawaru_metal_pillars_1_2,
          cheibrodos_sewer_entry_bend
D:6:      layout_rooms, general_overflow_altar, minmay_temple_entry_ruins,
          serial_shops, nicolae_shop_trees, nicolae_ru_sacrificial_ziggurat
D:7:      layout_basic, lemuel_round_altar, basic_altar,
          minmay_misc_feat_ornament
D:8:      layout_rooms, minitemple, vehumet_altar_wand_db,
          minmay_misc_feat_pillars, uniq_psyche, uniq_erica
D:9:      layout_loops_corners, fedhas_altar_fruit_tree, serial_shops,
          nicolae_shop_crystal, grunt_decor_cap, uniq_pikel
D:10:     layout_loops_cross, erik_lair_orcish_takeover, basic_altar,
          nicolae_trove_entry_crossroad, serial_shops, shop
D:11:     minmay_chambers_of_sixes, layout_irregular_city, orc_0_dummy

Skill      XL: |  1  2  3  4  5  6  7  8  9 10 11 |
---------------+----------------------------------+-----
Axes           | 2 3 4 5 7 8 9 10 | 10.4
Shields        | 4 5 7 8 9 10 | 10.0
Armour         | 4 5 6 7 |  7.0
Fighting       | 4 5 6 7 |  7.8
Throwing       | 1 |  1.8
Invocations    | 3 5 6 |  6.6
Stealth        | 2 |  2.1
Long Blades    | 1 |  1.7
Dodging        | 1 |  1.0

Action                   |  1- 3 |  4- 6 |  7- 9 | 10-12 || total
-------------------------+-------+-------+-------+-------++-------
Melee: War axe           |    68 |    17 |       |       ||    85
       Hand axe          |    76 |   126 |       |       ||   202
       Broad axe         |       |   183 |   434 |   436 ||  1053
       Scimitar          |       |       |       |     6 ||     6
Throw: Dart              |       |    11 |     9 |     3 ||    23
       Javelin           |       |       |       |     2 ||     2
       Throwing net      |       |       |       |     1 ||     1
Invok: Heroism           |       |       |     2 |     3 ||     5
  Use: Scroll            |     2 |     4 |    11 |     6 ||    23
       Potion            |       |     3 |       |     1 ||     4
 Stab: Invisible         |       |       |       |     3 ||     3
Armor: Scale mail        |    19 |       |       |       ||    19
       Plate armour      |    68 |   277 |   389 |   265 ||   999
Dodge: Dodged            |    26 |    44 |   135 |   119 ||   324
       Repelled          |       |       |       |     1 ||     1
Block: Kite shield       |    77 |   210 |   400 |   278 ||   965
       Reflection        |       |       |     1 |       ||     1
